 Dungeon Crawl Stone Soup version 0.24.1 (webtiles) character file.

Game seed: 4133916400903945922, levelgen mode: deterministic

101 nightchill the Digger (level 4, -2/26 HPs)
             Began as a Gargoyle Earth Elementalist on Mar 23, 2020.
             Slain by a gnoll
             ... wielding a cursed -3 spear
              (9 damage)
             ... on level 3 of the Dungeon.
             The game lasted 00:06:43 (3176 turns).

nightchill the Digger (Gargoyle Earth Elementalist) Turns: 3176, Time: 00:06:44

Health: -2/26      AC:  5    Str: 13    XL:     4   Next: 75%
Magic:  6/7        EV: 12    Int: 15    God:
Gold:   43         SH:  0    Dex: 10    Spells: 4/7 levels left

rFire    . . .     SeeInvis .   a - +0 dagger (venom)
rCold    . . .     Gourm    .   (no shield)
rNeg     + . .     Faith    .   c - +0 robe
rPois    ∞         Spirit   .   (no helmet)
rElec    +         Reflect  .   (no cloak)
rCorr    .         Harm     .   (no gloves)
MR       .....                  (no boots)
Stlth    ++........             (no amulet)
HPRegen  0.08/turn              (no ring)
MPRegen  0.10/turn              (no ring)

@: no status effects
A: negative energy resistance 1, electricity resistance, unbreathing,
petrification resistance, rot immunity, AC +3
a: no special abilities


You were on level 3 of the Dungeon.
You were not hungry.

You visited 1 branch of the dungeon, and saw 3 of its levels.

You collected 43 gold pieces.

Inventory:

Hand Weapons
 a - a +0 dagger of venom (weapon)
 b - a cursed +0 hunting sling
 f - a +0 short sword
 k - a +0 club
Missiles
 q - 4 silver javelins
 t - 71 stones (quivered)
Armour
 c - a +0 robe (worn)
 r - a +0 leather armour
Scrolls
 e - a scroll of teleportation {unknown}
 g - a scroll of random uselessness {unknown}
 h - 2 scrolls of identify {unknown}
 i - 4 scrolls of remove curse {unknown}
 l - 2 scrolls of noise {unknown}
 n - a scroll of magic mapping {unknown}
 p - a scroll of fog {unknown}
Potions
 j - 3 potions of brilliance {unknown}
 m - a potion of lignification {unknown}
 o - 2 potions of curing {unknown}
Comestibles
 d - 3 rations


   Skills:
 + Level 2.0 Fighting
 * Level 1.9 Maces & Flails
 - Level 1.5 Dodging
 - Level 2.1 Stealth
 - Level 2.0 Spellcasting
 - Level 0.7 Transmutations
 * Level 5.2 Earth Magic


You had 4 spell levels left.
You knew the following spells:

 Your Spells              Type           Power        Failure   Level  Hunger
a - Sandblast             Erth           ###...       2%          1    #......
b - Passwall              Tmut/Erth      ##......     10%         2    ###....

Your spell library contained the following spells:

 Spells                   Type           Power        Failure   Level  Hunger
 Stone Arrow              Conj/Erth      #.....       22%         3    ###....
 Petrify                  Tmut/Erth      ##......     54%         4    #####..
 Lee's Rapid Deconstruct  Erth           ###.......   58%         5    ######.


Dungeon Overview and Level Annotations

Branches:
Dungeon (3/15)

Altars:
Zin


Innate Abilities, Weirdness & Mutations

You are resistant to torment.
Your stone body is resilient. (AC +3)
You are immune to poison.
You resist negative energy. (rN+)
You are resistant to electric shocks. (rElec)
You can survive without breathing.
You are immune to petrification.
You are immune to rotting.


Message History

You hit the gnoll.
The gnoll is moderately wounded.
The gnoll hits you with a cursed -3 spear.
You closely miss the gnoll.
The gnoll is moderately wounded.
The orc hits you with a +0 mace.
* * * LOW HITPOINT WARNING * * *
The gnoll barely misses you.
You hit the gnoll.
The gnoll is almost dead.
The orc misses you. The gnoll misses you.
Casting: Sandblast (safe; 2% risk of failure)
Confirm with . or Enter, or press ? or * to list all spells.
Aiming: Sandblast (safe; 2% risk of failure)
Press: ? - help, Shift-Dir - straight line, f - orc
Aim: an orc, wielding a +0 mace and wearing a +0 chain mail The blast of sand hits the orc but does no damage.
t - 71 stones The gnoll hits you with a cursed -3 spear!
You die...

### ..#
... #.#
#.# #.#
#.# #o#
#@#
#...g..#
....#.##.#
.......##
# ..... .
.......
...# ..
... #..


You could see a gnoll and an orc.

Vanquished Creatures
  2 gnolls (D:2)
  2 adders (D:2)
  An ooze (D:1)
  A worm (D:2)
  2 dart slugs
  2 ball pythons (D:1)
  4 bats
  4 giant cockroaches
  7 goblins
  4 hobgoblins
  2 jackals (D:2)
  8 kobolds
  4 frilled lizards (D:1)
  9 rats
52 creatures vanquished.

Notes
Turn   | Place    | Note
-------+----------+-------------------------------------------
     0 | D:1      | nightchill the Gargoyle Earth Elementalist began the quest
                  | for the Orb.
     0 | D:1      | Reached XP level 1. HP: 10/10 MP: 3/3
   363 | D:1      | Reached skill level 4 in Earth Magic
   379 | D:1      | Reached XP level 2. HP: 14/16 MP: 1/5
   473 | D:1      | Reached skill level 1 in Fighting
   645 | D:1      | Learned a level 2 spell: Passwall
   920 | D:1      | Reached XP level 3. HP: 19/20 MP: 6/6
  1642 | D:2      | Found a faded altar of an unknown god.
  1645 | D:2      | Reached skill level 1 in Maces & Flails
  2072 | D:2      | Reached XP level 4. HP: 24/26 MP: 7/7
  2115 | D:2      | Reached skill level 5 in Earth Magic
  2678 | D:2      | Found a glowing silver altar of Zin.
  3176 | D:3      | Slain by a gnoll

Levels and vault maps discovered:
D:1:      kilobyte_arrival_exit_the_forest, layout_basic,
          minmay_stone_trees_medium
D:2:      layout_basic, nicolae_overflow_hidden_temple,
          chequers_ecumenical_altar_simple_redux
D:3:      layout_loops_ring, overflow_temple_1_default, gup_sewer_entry_pipe

Skill      XL: |  1  2  3  4 |
---------------+-------------+-----
Earth Magic    | 4 5 |  5.2
Fighting       | 1 2 |  2.0
Maces & Flails | 1 |  1.9
Dodging        | |  1.5
Stealth        | |  2.1
Spellcasting   | |  2.0
Transmutations | |  0.7

Action                   |  1- 3 |  4- 6 || total
-------------------------+-------+-------++-------
Melee: Unarmed           |    24 |       ||    24
       Short sword       |    23 |       ||    23
       Club              |    21 |       ||    21
       Dagger            |    73 |    49 ||   122
 Cast: Sandblast         |     7 |     3 ||    10
 Stab: Sleeping          |     5 |     2 ||     7
  Eat: Chunk             |     3 |     4 ||     7
Armor: Robe              |    37 |    17 ||    54
Dodge: Dodged            |    98 |    46 ||   144
